 Dungeon Crawl Stone Soup version 0.25-a0-258-g6d7e32a812 (webtiles) character file.

Game seed: 13383839897771694287, levelgen mode: deterministic

11 Essalna the Skirmisher (level 2, -3/24 HPs)
             Began as a Demonspawn Berserker on Dec 6, 2019.
             Was a Follower of Trog.
             Slain by a kobold
             ... wielding a +0 whip
              (6 damage)
             ... on level 1 of the Dungeon.
             The game lasted 00:01:12 (586 turns).

Essalna the Skirmisher (Demonspawn Berserker)        Turns: 586, Time: 00:01:12

Health: -3/24      AC:  2    Str: 17    XL:     2   Next: 17%
Magic:  2/2        EV: 12    Int:  8    God:    Trog [*.....]
Gold:   24         SH:  0    Dex: 12    Spells: 1/1 levels left

rFire    . . .     SeeInvis .   a - +0 falchion
rCold    . . .     Gourm    .   (no shield)
rNeg     . . .     Faith    .   b - +0 animal skin
rPois    .         Spirit   .   (no helmet)
rElec    .         Reflect  .   (no cloak)
rCorr    .         Harm     .   (no gloves)
MR       .....                  (no boots)
Stlth    ++........             (no amulet)
HPRegen  0.08/turn              (no ring)
MPRegen  0.08/turn              (no ring)

@: no status effects
A: nightstalker 1
a: Berserk, Renounce Religion


You were on level 1 of the Dungeon.
You worshipped Trog.
Trog was aware of your devotion.
You were not hungry.

You visited 1 branch of the dungeon, and saw 1 of its levels.

You collected 24 gold pieces.

Inventory:

Hand Weapons
 a - a +0 falchion (weapon)
Armour
 b - a +0 animal skin (worn)
Scrolls
 f - a scroll of enchant weapon {unknown}
 g - a scroll of remove curse {unknown}
 h - a scroll of identify {unknown}
Potions
 d - a potion of agility {unknown}
 e - a potion of degeneration {unknown}
Comestibles
 c - 3 rations


   Skills:
 + Level 3.2 Fighting
 + Level 2.9 Long Blades
 + Level 2.1 Armour
 - Level 1.7 Dodging


You had one spell level left.
You didn't know any spells.
Your spell library was empty.

Dungeon Overview and Level Annotations

Branches:
Dungeon (1/15)

Altars:


Innate Abilities, Weirdness & Mutations

You are slightly more attuned to the shadows.


Message History

The kobold closely misses you. The kobold barely misses you.
You riposte.
You hit the kobold but do no damage.
The kobold is severely wounded.
The kobold barely misses you.
You riposte.
You hit the kobold.
You kill the kobold!
Trog accepts your kill.
Unknown command.
Key pressed, stopping explore.
Key pressed, stopping explore.
A rat and a kobold come into view.
The kobold shouts!
Found an escape hatch in the floor.
There are monsters nearby!
There are monsters nearby!
There are monsters nearby!
There are monsters nearby!
The rat bites you. The kobold hits you with a +0 whip.
* * * LOW HITPOINT WARNING * * *
The rat barely misses you. The kobold hits you with a +0 whip.
You die...

#.....................#
#
#.....................#
#
...####................#
# ##. #................#
# # ..........##......#
# .##........##......# #
# #...[....##......# #
#########.##......# #
#....r@.#.######### #
.....K#.#.# #
#>###.#.#.# # #.#.#.# #
#.#.#.# # #.#.#.#
#.#...# #####


You could see a kobold and a rat.

Vanquished Creatures
  A dart slug (D:1)
  A goblin (D:1)
  A hobgoblin (D:1)
  3 kobolds (D:1)
  2 bats (D:1)
  2 rats (D:1)
10 creatures vanquished.

Notes
Turn   | Place    | Note
-------+----------+-------------------------------------------
     0 | D:1      | Essalna the Demonspawn Berserker began the quest for the
                  | Orb.
     0 | D:1      | Reached XP level 1. HP: 18/18 MP: 1/1
   524 | D:1      | Gained mutation: You are slightly more attuned to the
                  | shadows. [demonic ancestry]
   524 | D:1      | Reached XP level 2. HP: 20/24 MP: 2/2
   586 | D:1      | Slain by a kobold

Levels and vault maps discovered:
D:1:      lemuel_arrival_muddy, layout_basic

Skill      XL: |  1 |
---------------+----+-----
Armour         | 2 |  2.1
Fighting       | |  3.2
Long Blades    | |  2.9
Dodging        | |  1.7

Action                   || total
-------------------------++-------
Melee: Falchion          ||    21
Armor: Animal skin       ||     7
Dodge: Dodged            ||    25
       Rpst.: Falchion   ||     9

Table legend:
 A = Non-vault XP
 B = Vault XP
 C = Vault XP percentage of total XP
 D = Non-vault monster count
 E = Vault monster count
 F = Vault count percentage of total count
                 A         B        C        D         E       F
            +---------+---------+-------+---------+---------+-------
      Total |      17 |       0 |   0.0 |      10 |       0 |   0.0
            +---------+---------+-------+---------+---------+-------
        D:1 |      17 |       0 |   0.0 |      10 |       0 |   0.0
            +---------+---------+-------+---------+---------+-------
